 Dungeon Crawl Stone Soup version 0.28-a0-2-g643f245 (webtiles) character file.

Game seed: 8025073886455133178

4598 Geeful the Fighter (level 10, -1/111 HPs)
             Began as an Ogre Monk on July 22, 2021.
             Was a Believer of Uskayaw.
             Succumbed to a black mamba's poison
             ... on level 8 of the Dungeon.
             The game lasted 00:26:01 (9416 turns).

Geeful the Fighter (Ogre Monk)                      Turns: 9416, Time: 00:26:02

Health: -1/111     AC:  8    Str: 19    XL:     10   Next: 41%
Magic:  10/10      EV: 12    Int: 11    God:    Uskayaw [**....]
Gold:   330        SH:  5    Dex: 12    Spells: 9/9 levels left

rFire   . . .      SeeInvis .   B - +0 giant spiked club
rCold   . . .      Faith    .   (shield currently unavailable)
rNeg    . . .      Spirit   .   a - +2 troll leather armour {Purgy}
rPois   .          Reflect  +   (helmet restricted)
rElec   .          Harm     .   G - +0 cloak
rCorr   +          Rampage  .   (gloves unavailable)
Will    +....                   (boots unavailable)
Stlth   +.........              h - amulet of reflection
HPRegen 1.28/turn               r - ring of resist corrosion
MPRegen 0.12/turn               (no ring)

@: lethally poisoned (-1 -> -32)
A: large, unfitting armour, tough skin 1
a: Renounce Religion, Stomp, Line Pass


You were on level 8 of the Dungeon.
You worshipped Uskayaw.
Uskayaw was noncommittal.
You visited 1 branch of the dungeon, and saw 8 of its levels.
You also visited: Sewer.

You collected 330 gold pieces.

Inventory:

Hand Weapons
 d - a +1 flail of protection
 o - a +0 giant club
 B - a +0 giant spiked club (weapon)
Missiles
 e - 2 boomerangs
 z - 19 poisoned darts
 A - a curare-tipped dart (quivered)
 F - 7 javelins
Armour
 a - a +2 troll leather armour (worn) {Purgy}
 G - a +0 cloak (worn)
Jewellery
 h - an amulet of reflection (around neck)
 r - a ring of resist corrosion (left hand)
 t - an amulet of guardian spirit
 x - the amulet "Vidob" {rElec rC- Regen+ Int+3}
   (You found it on level 6 of the Dungeon)

   [amulet of regeneration]

   Int:       It affects your intelligence (+3).
   rC:        It makes you vulnerable to cold.
   rElec:     It insulates you from electricity.
   Regen:     It increases your rate of health regeneration.
Wands
 b - a wand of mindburst (20)
 m - a wand of acid (11)
 p - a wand of digging (4)
 y - a wand of iceblast (6)
 E - a wand of paralysis (3)
Scrolls
 c - 5 scrolls of fog
 g - a scroll of blinking
 l - 2 scrolls of amnesia
 s - 2 scrolls of teleportation
 w - a scroll of fear
 D - 3 scrolls of identify
Potions
 f - a potion of magic
 i - 3 potions of brilliance
 j - 3 potions of heal wounds
 k - 2 potions of attraction
 n - a potion of haste
 u - a potion of resistance
 v - a potion of invisibility
 C - 2 potions of cancellation


   Skills:
 + Level 10.6 Fighting
 + Level 7.5 Maces & Flails
 + Level 6.9 Throwing
 + Level 7.5 Dodging
 - Level 1.4 Stealth


You had 9 spell levels left.
You didn't know any spells.
Your spell library contained the following spells:

 Spells                   Type           Power      Damage    Failure   Level
 Ensorcelled Hibernation  Hex/Ice        0%         N/A       54%         2
 Spider Form              Tmut/Pois      0%         N/A       77%         3
 Summon Guardian Golem    Hex/Summ       0%         N/A       77%         3
 Dispersal                Tloc           0%         N/A       100%        6
 Shadow Creatures         Summ           N/A        N/A       100%        6
 Orb of Destruction       Conj           0%         N/A       100%        7
 Spellforged Servitor     Conj/Summ      0%         N/A       100%        7
 Disjunction              Tloc           0%         N/A       100%        8


Dungeon Overview and Level Annotations

Branches:
Dungeon (8/15)             Temple (0/1) D:4           Sewer (visited)
   Lair: D:8-11

Altars:
Fedhas
Trog
Uskayaw
Xom

Shops:
D:1 :


Innate Abilities, Weirdness & Mutations

You are too large for most types of armour.
You have tough skin. (AC +1)


Message History

You finish putting on your +0 cloak.
As you read the scroll of enchant armour, it crumbles to dust.
Your +0 troll leather armour {Purgy} glows green for a moment.
As you read the scroll of enchant armour, it crumbles to dust.
Your +1 troll leather armour {Purgy} glows green for a moment.
The black mamba hisses angrily.
The black mamba bites you!
You are poisoned.
The black mamba poisons you! You block the black mamba's attack.
You hit the black mamba.
The black mamba is lightly wounded.
You feel very sick. The black mamba bites you!
You are more poisoned.
The black mamba poisons you!
The black mamba bites you but does no damage.
You hit the black mamba.
The black mamba is lightly wounded.
You feel extremely sick.
The black mamba bites you! x2; The black mamba closely misses you.
You thump the black mamba!
The black mamba is heavily wounded.
You feel extremely sick. The black mamba bites you!
You are more poisoned.
The black mamba poisons you! The black mamba bites you.
The black mamba bites you!
* * * LOW HITPOINT WARNING * * *
You can now pass through a line of other dancers.
You are too injured to fight recklessly!
You barely miss the black mamba.
The black mamba is heavily wounded.
You feel extremely sick. The black mamba bites you!
* * * LOW HITPOINT WARNING * * *
You are more poisoned.
The black mamba poisons you! You block the black mamba's attack.
You barely miss the black mamba.
The black mamba is heavily wounded.
You die...

### .####.### . .. #.#
)y:##.#.....#.##.##. #.#
):....#..# .#.##.##. #.#
H.......(##.).##.##. #.#
#...#.#.##..#. #.##. #.# ##
##.#.†...#.##.##.##)#
†###.####.###..#.##....#
).#.###.)...##..S....#######
...###.#####.##.@###.#.#...#
.####.#.....#.##.......#.#.#
#..#.#..###..#.#..####.#.#.#
##.#.#.#...#.#.#..# #.#.#.##
...).#.#.#.#.#...(# #......#
##.#.#.#...#.#.#.## ###.#.##
#..#.#..###..#.#.# #.#.#
)####.#.....#.##.# #.###
....##.#####.##..#######.#


You could see a black mamba.

Vanquished Creatures
  A manticore (D:8)
  A komodo dragon (D:8)
  A meliai (shapeshifter) (D:8)
  A wyvern (D:7)
  3 humans (D:6)
  A steam dragon (D:4)
  2 water moccasins
  Purgy (Sewer)
  An orc warrior (D:8)
  2 ice beasts
  4 necrophages
  2 centaurs (D:8)
  3 ogres
  A kobold brigand (D:7)
  3 bullfrogs
  A gnoll sergeant (D:7)
  A wyvern zombie (D:8)
  4 killer bees (D:8)
  6 wights
  3 centaur zombies
  A jelly (D:6)
  5 orc priests
  A gnoll shaman (D:8)
  5 hounds
  A centaur skeleton (D:6)
  A bullfrog skeleton (D:5)
  3 iguanas
  4 orc wizards
  6 adders
  12 gnolls
  A shadow imp (D:6)
  2 ufetubi
  5 worms
  A dart slug (D:5)
  8 orcs
  6 ball pythons
  3 endoplasms
  2 giant cockroaches
  4 goblins
  8 hobgoblins
  2 jackals (Sewer)
  7 quokkas
  7 bats
  2 frilled lizards
  14 kobolds
  2 rats
155 creatures vanquished.

Vanquished Creatures (others)
  A scorpion (D:4)
  An ufetubus (D:4)
  A dart slug (D:4)
  A giant cockroach (D:4)
  A hobgoblin (D:4)
  4 jackals (D:4)
9 creatures vanquished.

Grand Total: 164 creatures vanquished

Notes
Turn   | Place    | Note
-------+----------+-------------------------------------------
     0 | D:1      | Geeful the Ogre Monk began the quest for the Orb.
     0 | D:1      | Reached XP level 1. HP: 24/24 MP: 1/1
   360 | D:1      | Found Morch's Book Boutique.
   402 | D:1      | Reached XP level 2. HP: 32/32 MP: 2/2
  1259 | D:2      | Reached XP level 3. HP: 15/40 MP: 3/3
  1806 | D:2      | Reached XP level 4. HP: 33/49 MP: 4/4
  1987 | D:2      | Reached skill level 5 in Fighting
  2908 | D:2      | Reached XP level 5. HP: 6/57 MP: 5/5
  3987 | D:3      | Found a shimmering altar of Xom.
  4157 | D:3      | Noticed a +0 hand axe
  4158 | D:3      | Noticed a +0 dagger
  4168 | D:3      | Found a hide-covered altar of Uskayaw.
  4623 | D:3      | Became a worshipper of Uskayaw the Reveller
  4623 | D:3      | Reached * piety under Uskayaw
  4640 | D:4      | Noticed a steam dragon
  4652 | D:4      | Found a staircase to the Ecumenical Temple.
  4665 | D:4      | Found a glowing drain.
  4676 | Sewer    | Entered a sewer
  4925 | Sewer    | Reached ** piety under Uskayaw
  5012 | Sewer    | Noticed Purgy
  5026 | Sewer    | Reached *** piety under Uskayaw
  5029 | Sewer    | Killed Purgy
  5030 | Sewer    | Reached skill level 1 in Throwing
  5030 | Sewer    | Reached XP level 6. HP: 59/67 MP: 6/6
  5163 | D:4      | Killed a steam dragon
  5164 | D:4      | Reached skill level 6 in Fighting
  5298 | D:4      | Noticed a necrophage
  5315 | D:4      | Killed a necrophage
  5316 | D:4      | Reached XP level 7. HP: 75/76 MP: 7/7
  5624 | D:5      | Entered Level 5 of the Dungeon
  5831 | D:5      | Found a bloodstained altar of Trog.
  5926 | D:5      | Reached skill level 7 in Fighting
  5942 | D:5      | Found a blossoming altar of Fedhas.
  6118 | D:5      | Reached skill level 5 in Maces & Flails
  6118 | D:5      | Reached skill level 5 in Dodging
  6118 | D:5      | Reached XP level 8. HP: 37/87 MP: 8/8
  6250 | D:5      | Reached **** piety under Uskayaw
  6498 | D:6      | Reached skill level 8 in Fighting
  6739 | D:6      | Reached XP level 9. HP: 97/97 MP: 9/9
  6789 | D:6      | Reached skill level 5 in Throwing
  6852 | D:6      | Identified the amulet "Vidob" {rElec rC- Regen+ Int+3}
  7060 | D:6      | Reached skill level 9 in Fighting
  8230 | D:7      | Reached ***** piety under Uskayaw
  8934 | D:8      | Reached skill level 10 in Fighting
  8948 | D:8      | Reached XP level 10. HP: 66/110 MP: 10/10
  9133 | D:8      | Noticed a moth of wrath
  9218 | D:8      | Noticed a manticore
  9280 | D:8      | Noticed an eight-headed hydra
  9312 | D:8      | Killed a manticore
  9396 | D:8      | Noticed a black mamba
  9416 | D:8      | Succumbed to a black mamba's poison

Illustrated notes

Levels and vault maps discovered:
D:1:      dpeg_chamrin_arrival_tetris, layout_basic, serial_shops, shop,
          chequers_big_river
D:2:      layout_basic
D:3:      layout_basic, dancing_weapons_uskayaw, xom_teletrap_fun
D:4:      layout_cave_pools, minmay_temple_entry_tees, portal_sewer_entry_a,
          minmay_misc_feat_ornament
D:5:      layout_gridville, pf_just_have_faith, kennysheep_mini
D:6:      layout_cave_pods, minmay_ruffians
D:7:      layout_layer_cave, chequers_serial_rivers_micro_b
D:8:      minmay_the_grid_octo_tiled_octocenter
          [minmay_the_grid_octo_concentric, minmay_the_grid_octo_fat_diamond,
          minmay_the_grid_octo_odd_swirl, minmay_the_grid_octo_toaster,
          minmay_the_grid_octo_prize_ultimate_mussel_roller,
          minmay_the_grid_square_5x5_pentomino_r,
          minmay_the_grid_square_5x5_two_walls_a,
          minmay_the_grid_square_5x5_two_walls_b,
          minmay_the_grid_square_5x5_bracketed], layout_basic,
          amethyst_killhole, hellmonk_guarded_unrand_staff_of_battle

Skill      XL: |  1  2  3  4  5  6  7  8  9 |
---------------+----------------------------+-----
Maces & Flails | 3 4 5 7 |  7.5
Dodging        | 3 4 5 7 |  7.5
Fighting       | 5 6 7 8 10 | 10.6
Throwing       | 1 2 3 4 6 |  6.9
Stealth        | |  1.4

Action                   |  1- 3 |  4- 6 |  7- 9 | 10-12 || total
-------------------------+-------+-------+-------+-------++-------
Melee: Mace              |    70 |    80 |       |       ||   150
       Flail             |       |   143 |   456 |       ||   599
       Giant spiked club |       |       |    44 |    57 ||   101
Throw: Boomerang         |       |     9 |       |       ||     9
       Dart              |       |       |     7 |     3 ||    10
  Use: Scroll            |     4 |    12 |     7 |     2 ||    25
       Potion            |       |     3 |     2 |       ||     5
 Stab: Distracted        |     1 |       |     1 |       ||     2
       Paralysed         |       |     3 |     5 |       ||     8
       Sleeping          |       |     1 |     3 |       ||     4
Armor: Robe              |    22 |    58 |       |       ||    80
       Troll leather arm |       |    29 |   242 |    19 ||   290
Dodge: Dodged            |    48 |   123 |   299 |    55 ||   525
Block: Other             |       |    54 |   138 |    28 ||   220
       Reflection        |       |     3 |     5 |     2 ||    10

Table legend: (Time is in decaauts)
 A = Elapsed time spent in this place.
 B = Non-inter-level travel time spent in this place.
 C = Inter-level travel time spent in this place.
 D = Time resting spent in this place.
 E = Time spent auto-exploring this place.
 F = Levels seen in this place.
 G = Mean time per level.
                   A        B        C        D        E       F      G
               +--------+--------+--------+--------+--------+-----+--------+
         Total |   9613 |   9436 |    177 |    561 |   6737 |   9 | 1068.1 |
       Dungeon |   9138 |   8961 |    177 |    329 |   6594 |   8 | 1142.2 |
         Sewer |    474 |    474 |      0 |    232 |    143 |   1 |  474.0 |
               +--------+--------+--------+--------+--------+-----+--------+

Top non-repeatable levels by time:
     D:2: 2481 daAuts
     D:6: 1270 daAuts
     D:7: 1168 daAuts
     D:3: 1127 daAuts
     D:1: 1085 daAuts
     D:5: 778 daAuts
     D:8: 683 daAuts
     D:4: 542 daAuts
   Sewer: 474 daAuts
